Map: [ESL] Ancient Cistern

Players

Future

  • Race: Terran Terran
  • Spawn Location: 7:00

DisK - Winner!

  • Race: Protoss Protoss
  • Spawn Location: 1:00

Event: ESL SC2 Masters 2023 Summer (Regionals)

VOD

Have the link to the VOD?

Description

Time

  • Played on: May 2, 2023, 2:36 p.m.
  • Length: 12:15

All games in this series

Show
View Real Time Build Order
Export as new Build Order

Future Terran 

Build Orders:  

Get SALT Encoding   

  12  0:00  SCV  
  13  0:12  SCV  
  14  0:16  Supply Depot  
  14  0:24  SCV  
  15  0:38  SCV  
  15  0:39  Barracks  
  16  0:44  Refinery  
  16  0:50  SCV  
  17  1:02  Barracks, SCV  
  18  1:14  SCV  
  19  1:27  Orbital Command, Reaper  
  20  1:41  Supply Depot  
  20  1:50  Reaper  
  20  1:52  SCV  
  22  2:04  SCV, Reaper  
  24  2:10  Command Center  
  24  2:16  SCV  
  24  2:22  Marine  
  26  2:24  Barracks  
  26  2:28  SCV  
  27  2:36  Marine  
  28  2:37  Supply Depot  
  28  2:39  Marine  
  28  2:41  SCV  
  30  2:53  SCV  
  31  3:02  Barracks Reactor  
  31  3:05  SCV  
  32  3:18  SCV  
  32  3:21  Barracks Tech Lab  
  32  3:22  Barracks Tech Lab  
  32  3:24  SCV  
  32  3:30  SCV  
  32  3:35  Bunker  
  32  3:36  Orbital Command  
  32  3:39  Marine x2  
  32  3:40  Stimpack  
  32  3:41  Marauder x2  
  36  3:42  SCV  
  36  3:47  Supply Depot  
  39  3:54  SCV  
  40  3:56  Refinery  
  40  3:57  Marine x2  
  40  4:01  SCV  
  43  4:03  Marauder x2  
  43  4:06  SCV  
  48  4:13  SCV  
  48  4:16  Marine x2  
  51  4:18  SCV  
  51  4:21  Supply Depot  
  51  4:23  Supply Depot  
  52  4:24  Marauder  
  52  4:25  Marauder  
  52  4:28  SCV  
  52  4:30  SCV  
  58  4:36  Combat Shield  
  58  4:40  SCV, Marine x2  
  58  4:42  SCV  
  62  4:47  Engineering Bay  
  62  4:49  Refinery  
  62  4:50  Marauder x2  
  62  4:52  SCV  
  67  4:53  Supply Depot  
  67  4:54  SCV  
  67  4:58  Marine x2  
  70  5:00  Supply Depot  
  70  5:04  SCV  
  70  5:06  SCV  
  72  5:08  Factory  
  72  5:13  Marauder x2  
  76  5:17  Supply Depot  
  76  5:19  SCV x2  
  76  5:22  Supply Depot  
  76  5:27  Marine x2  
  74  5:30  Terran Infantry Weapons Level 1  
  74  5:31  SCV x2  
  74  5:34  Bunker  
  76  5:38  Marauder  
  76  5:40  Marauder  
  76  5:42  Supply Depot  
  80  5:46  SCV x2  
  82  5:53  Marine x2  
  82  5:56  Starport  
  82  5:57  Refinery, Factory Reactor  
  80  6:00  Marauder  
  80  6:03  SCV x2  
  83  6:08  Marauder  
  77  6:14  Marine  
  69  6:22  Marauder, Marine  
  67  6:29  Marauder  
  67  6:32  Marine, Concussive Shells  
  70  6:40  Marine, Medivac x2  
  70  6:41  Factory Tech Lab  
  70  6:43  Marauder  
  77  6:50  Marine, Marauder  
  77  6:58  Marine  
  77  7:01  Command Center, Siege Tank  
  81  7:05  Marauder  
  81  7:08  Marine  
  84  7:10  Medivac  
  84  7:12  Barracks, Marauder  
  84  7:14  Barracks  
  88  7:15  Marine  
  88  7:17  Medivac  
  88  7:23  SCV x2  
  88  7:27  Marine, Marauder  
  93  7:33  Marauder, Marine  
  93  7:35  SCV x2  
  93  7:36  Siege Tank  
  101  7:45  Marine  
  101  7:47  SCV x2  
  101  7:48  Marauder  
  106  7:51  Marine  
  106  7:55  Marauder  
  108  7:59  SCV x2  
  108  8:05  Barracks Reactor, Barracks Tech Lab  
  110  8:08  Siege Tank  
  110  8:10  Marauder  
  110  8:11  SCV x2  
  112  8:14  Marine x2  
  112  8:16  Marauder, Medivac  
  112  8:19  SCV  
  116  8:23  SCV  
  116  8:24  Marauder  
  105  8:31  Marauder, Marine  
  105  8:32  Marine  
  102  8:37  Marauder  
  99  8:42  Marine  
  99  8:45  Marine  
  99  8:46  Marauder  
  84  8:49  Marine x2  
  84  8:52  Marine  
  84  8:53  Medivac x2  
  84  8:54  Orbital Command  
  80  8:58  Marine  
  80  9:00  Marine  
  84  9:03  Marine  
  84  9:05  Terran Infantry Armor Level 1  
  84  9:07  Marine x3  
  84  9:09  Siege Tank  
  89  9:10  Marine  
  89  9:16  Marine, Missile Turret  
  91  9:18  Marine  
  91  9:21  Orbital Command  
  92  9:25  Marine, Marauder  
  92  9:27  Marine, Missile Turret  
  92  9:28  Marauder  
  92  9:30  Marine  
  99  9:34  Medivac x2  
  103  9:40  Armory  
  103  9:43  Engineering Bay  
  103  9:44  SCV x2  
  105  9:49  SCV  
  105  9:51  Factory Reactor  
  106  9:53  Bunker, Missile Turret  
  106  9:55  Marine x3  
  106  9:56  Marine  
  110  10:02  SCV x2  
  110  10:03  SCV  
  117  10:07  Marauder x2, Supply Depot x2  
  117  10:09  Marauder  
  119  10:20  Refinery x2  
  119  10:21  Marine x4  
  120  10:28  Marauder x2  
  127  10:31  Marauder  
  129  10:39  Widow Mine x2, Marine x4  
  137  10:44  Supply Depot  
  137  10:49  Marauder, Supply Depot x2  
  141  10:50  Marauder, Medivac  
  141  10:52  Marauder, Medivac  
  147  10:58  Marine x2  
  149  11:05  Marine x2  
  149  11:06  Widow Mine x2  
  149  11:07  Supply Depot x2  
  155  11:24  Ghost Academy  
  155  11:27  Marauder x3  
  155  11:29  Marine x4  
  155  11:32  Widow Mine x2  
  169  11:38  Medivac x2  
  137  11:52  Marine, Marauder x2  
  137  11:53  Marauder, Marine  
  137  11:54  Marine  
Show
View Real Time Build Order
Export as new Build Order

DisK Protoss - Winner!

Build Orders: 1 Gate Expand, Blink Stalkers 

Get SALT Encoding   

  12  0:00  Probe  
  13  0:12  Probe  
  14  0:16  Pylon  
  14  0:24  Probe (Chrono Boost)  
  16  0:35  Gateway  
  16  0:36  Probe (Chrono Boost)  
  16  0:43  Probe (Chrono Boost)  
  16  0:45  Assimilator  
  17  0:50  Probe  
  18  1:03  Probe  
  19  1:15  Probe  
  20  1:22  Cybernetics Core  
  20  1:32  Nexus  
  20  1:35  Probe  
  21  1:41  Pylon  
  21  1:47  Probe  
  21  1:50  Assimilator  
  22  1:56  Adept (Chrono Boost)  
  22  2:00  Warp Gate  
  24  2:02  Probe  
  24  2:14  Probe  
  25  2:17  Stalker (Chrono Boost)  
  27  2:26  Probe  
  28  2:33  Twilight Council  
  28  2:41  Probe (Chrono Boost)  
  29  2:45  Probe (Chrono Boost)  
  31  2:52  Stalker  
  31  2:54  Probe (Chrono Boost)  
  31  2:55  Probe (Chrono Boost)  
  34  3:01  Gateway  
  34  3:04  Probe x2  
  32  3:27  Blink (Chrono Boost)  
  32  3:30  Probe (Chrono Boost)  
  34  3:42  Probe x2 (Chrono Boost), Robotics Facility  
  34  3:50  Probe x2 (Chrono Boost)  
  34  3:52  Gateway x2  
  36  4:00  Stalker  
  36  4:01  Probe  
  36  4:02  Probe  
  40  4:12  Stalker  
  40  4:13  Probe  
  40  4:14  Probe  
  40  4:16  Pylon  
  44  4:25  Probe  
  44  4:26  Probe  
  46  4:34  Warp Prism  
  46  4:37  Pylon  
  48  4:39  Stalker  
  50  4:47  Probe x2  
  50  4:48  Shield Battery  
  50  4:52  Stalker  
  54  4:56  Stalker  
  56  5:04  Stalker  
  58  5:08  Pylon  
  58  5:11  Stalker  
  60  5:15  Probe x2  
  62  5:27  Stalker x2  
  64  5:29  Stalker  
  66  5:45  Probe x2  
  66  5:48  Pylon  
  66  5:55  Stalker x3  
  70  6:00  Nexus  
  70  6:01  Pylon  
  60  6:21  Stalker  
  60  6:22  Stalker x3  
  60  6:23  Probe x2  
  68  6:32  Charge (Chrono Boost)  
  68  6:33  Gateway  
  68  6:34  Gateway  
  68  6:35  Pylon  
  68  6:47  Gateway  
  68  6:48  Gateway  
  68  6:51  Probe x2  
  70  6:55  Assimilator  
  70  6:56  Shield Battery  
  70  6:59  Immortal (Chrono Boost)  
  70  7:05  Probe x2  
  76  7:17  Probe  
  76  7:21  Probe x2  
  79  7:23  Zealot x3, Sentry  
  79  7:29  Pylon  
  87  7:30  Zealot x2  
  91  7:44  Zealot x4  
  91  7:47  Zealot x2  
  95  8:14  Zealot x8  
  95  8:15  Probe x3  
  95  8:18  Pylon  
  104  8:27  Probe  
  103  8:36  Zealot x8  
  67  8:57  Probe x2  
  67  9:00  Gateway  
  67  9:02  Gateway, Sentry x2  
  71  9:05  Templar Archives  
  71  9:07  Zealot  
  71  9:08  Pylon, Zealot x2, Forge  
  71  9:09  Zealot  
  81  9:10  Probe, Zealot x2  
  86  9:17  Observer (Chrono Boost)  
  86  9:18  Pylon  
  86  9:21  Assimilator  
  87  9:25  Assimilator  
  87  9:31  Pylon  
  87  9:33  Zealot x4  
  87  9:35  Pylon  
  87  9:38  Protoss Ground Weapons Level 1 (Chrono Boost)  
  95  9:43  Psionic Storm, High Templar x3  
  95  9:44  High Templar  
  103  9:48  Archon x2  
  103  9:54  Zealot x5  
  113  10:14  High Templar  
  115  10:15  Nexus  
  115  10:17  Pylon  
  115  10:28  High Templar  
  117  10:30  Probe x3  
  117  10:31  Assimilator  
  117  10:33  High Templar, Zealot  
  117  10:34  Zealot x3, Observer  
  130  10:44  Zealot x3, Observer  
  130  10:47  Forge  
  136  10:50  Observer  
  136  10:52  Probe x3  
  136  10:55  Shield Battery  
  138  11:13  Zealot  
  138  11:14  Zealot x7  
  138  11:17  Zealot  
  156  11:18  Zealot  
  158  11:32  Probe x3  
  141  11:54  Zealot  
  141  11:55  Zealot x9  
  125  12:14  Nexus  
Tags
 
Add a new tag
Caveats
  • Supply blocks, unpowered buildings, or Contaminate may cause inaccurate times.
  • Supply counts are checked every 10 seconds.